 Dungeon Crawl Stone Soup version 0.31.0-11-ge490571c62 (console) character file.

Game seed: 14541866642059568071

19905 jejorda2 the Mimic (level 12, -3/150 HPs)
             Began as a Green Draconian Berserker on Jan 31, 2024.
             Was a High Priest of Trog.
             Engulfed by an ice statue's freezing vapour (23 damage)
             ... in an ice cave.
             The game lasted 00:32:34 (12791 turns).

jejorda2 the Mimic (Green Draconian Berserker)     Turns: 12791, Time: 00:32:35

Health: -3/150     AC: 14    Str: 23    XL:     12   Next: 40%
Magic:  12/12      EV: 14    Int:  8    God:    Trog [*****.]
Gold:   488        SH:  5    Dex: 12    Spells: 11/11 levels left

rFire   . .          .
                       - Unarmed
rCold   . . .        (no shield)
rNeg    . . .        (body armour unavailable)
rPois   +            (helmet restricted)
rElec   .            C - +2 cloak
rCorr   .            j - +2 pair of gloves {Stlth+}
SInv    .            (no boots)
Will    .....        D - amulet of reflection Stlth
                     (no ring)
HPRegen 0.45/turn    (no ring)
MPRegen 0.13/turn

%: reflection
@: berserking, maw-form, slowed
A: devouring maw, breathe noxious fumes, AC +8, unfitting armour, poison
resistance, cold-blooded
a: Breathe Noxious Fumes, Begin Untransformation, Renounce Religion, Berserk,
Trog's Hand, Brothers in Arms


You were in an ice cave.
You worshipped Trog.
Trog was extremely pleased with you.
You were a creature with a mouth for a stomach.
You visited 2 branches of the dungeon, and saw 12 of its levels.
You also visited: Ossuary and Ice Cave.

You collected 841 gold pieces.
You spent 353 gold pieces at shops.

Inventory:

Missiles
 c - 6 silver javelins
 g - 10 boomerangs (quivered)
 h - 86 poisoned darts
 n - 10 curare-tipped darts
 o - 2 datura-tipped darts
 q - 4 throwing nets
 x - 4 atropa-tipped darts
Armour
 j - a +2 pair of gloves of stealth (worn)
 C - a +2 cloak (worn)
Jewellery
 w - a ring of protection from fire
 y - a ring of see invisible
 D - an amulet of reflection (around neck)
Talismans
 E - a maw talisman (active)
Wands
 k - a wand of paralysis (9)
 p - a wand of mindburst (10)
 F - a wand of digging (5)
Scrolls
 a - 2 scrolls of identify
 d - 6 scrolls of fear
 l - a scroll of revelation
 m - 3 scrolls of blinking
 s - 2 scrolls of teleportation
 G - a scroll of immolation
 H - a scroll of fog
Potions
 b - 3 potions of attraction
 e - 3 potions of heal wounds
 f - 7 potions of might
 i - 2 potions of cancellation
 r - 5 potions of curing
 t - a potion of mutation
 u - 2 potions of enlightenment
 z - 2 potions of invisibility
 B - 4 potions of haste
Miscellaneous
 v - a phial of floods
 A - a lightning rod (2/4)


   Skills:
 + Level 7.4 Fighting
 - Level 6.0 Dodging
 - Level 9.0 Unarmed Combat
 - Level 6.0 Evocations
 * Level 14.6 Shapeshifting


You had 11 spell levels left.
You didn't know any spells.
Your spell library was empty.

Dungeon Overview and Level Annotations

Branches:
Dungeon (11/15)            Temple (0/1) D:7            Lair (1/5) D:11
    Orc (0/2) D:10        Ossuary (visited)           IceCv (1/1)

Altars:
Ashenzari
Elyvilon
Hepliaklqana
Qazlal
Sif Muna
Wu Jian
Xom
The Shining One

Shops:
D:1 [   D:4 (   D:7 !

Annotations:
D:8 1 runed translucent door, ggggg's ghost, novice TrSh
D:10 3 runed translucent doors, Sobieck's ghost, journeyman DECj IceCv exclusion: ice statue


Innate Abilities, Weirdness & Mutations

You are a creature with a mouth for a stomach.
Your midsection houses a second, enormous mouth.
You can breathe blasts of noxious fumes.
Your lurid green scales are hard. (AC +8)
You cannot fit into any form of body armour.
Your system is resistant to poisons. (rPois)
You are cold-blooded and may be slowed by cold attacks.


Message History

No target in view!
The ufetubus shouts!
A spriggan simulacrum comes into view.
The ufetubus hits you but does no damage.
The ufetubus barely misses you.
You punch the ufetubus!
You kill the ufetubus!
Trog accepts your kill.
You closely miss the spriggan simulacrum.
Your bite misses the spriggan simulacrum.
The spriggan simulacrum closely misses you.
You miss the spriggan simulacrum. You tail-slap the spriggan simulacrum.
Your bite misses the spriggan simulacrum.
The spriggan simulacrum is lightly damaged.
You block the spriggan simulacrum's attack.
You pummel the spriggan simulacrum!!
Your bite misses the spriggan simulacrum.
The spriggan simulacrum is almost destroyed.
You punch the spriggan simulacrum!
The spriggan simulacrum vaporises!
Trog accepts your kill.
No target in view!
No target in view!
An ice statue comes into view.
Marking area around an ice statue as unsafe for travelling.
The ice statue gestures at you. The freezing blast engulfs you!
You are engulfed in freezing vapours.
You feel yourself slow down.
Found a blackened gold wand.
You are engulfed in freezing vapours.
The ice statue gestures at you. The freezing blast engulfs you.
You are engulfed in freezing vapours.
* * * LOW HITPOINT WARNING * * *
The ice statue gestures at you.
The freezing blast engulfs you but does no damage.
A red film seems to cover your vision as you go berserk!
You feel yourself moving faster!
You feel mighty!
You are engulfed in freezing vapours.
You feel as though you will be slow longer.
You die...

##### # ###...## .
# ##......# .#/
##...##..# ###☼#
###...##...#
#☼○○####...####..##
#°8○##...####...#
#W.☼##..# #....#
#°○###..####..∩#
#°○####..##∩..##
##.○#.....#####
##°°°.#.## ########


You could see an ice statue.

Vanquished Creatures
  2 two-headed ogres
  A tengu warrior (D:10)
  Pikel (D:7)
  A cyclops (D:11)
  Joseph (D:8)
  A cane toad (Lair:1)
  2 kobold demonologists
  Maggie (D:7)
  Jeremiah (D:7)
  A rime drake (D:11)
  4 trolls
  4 hornets
  A centaur simulacrum (D:10)
  16 yaks
  3 shadows
  A wyvern (D:9)
  3 wraiths
  Menkaure (Ossuary)
  2 steam dragons (D:7)
  Edmund (D:6)
  3 acid dragons
  A water moccasin (D:7)
  3 black bears
  7 orc warriors
  5 ice beasts
  A laughing skull (D:10)
  3 sky beasts
  3 wolves (D:11)
  6 centaurs
  20 kobold brigands
  5 gnoll sergeants
  3 bullfrogs
  A scorpion (D:5)
  3 wights (D:9)
  5 electric eels (D:10)
  An elephant simulacrum (IceCv)
  A howler monkey (D:11)
  A bombardier beetle (D:7)
  A jelly (D:5)
  3 orc priests
  Crazy Yiuf (D:6)
  6 hounds
  A gnoll bouda (D:8)
  An iguana (D:5)
  12 orc wizards
  A polar bear simulacrum (IceCv)
  A spriggan simulacrum (IceCv)
  3 mummies (Ossuary)
  19 gnolls
  11 adders
  A shadow imp (D:5)
  13 white imps
  3 ufetubi (IceCv)
  3 dart slugs
  2 ribbon worms
  41 orcs
  5 ball pythons
  3 endoplasms
  2 giant cockroaches
  11 goblins
  4 hobgoblins
  6 jackals
  2 quokkas
  3 bats
  4 frilled lizards
  5 gnoll skeletons (Ossuary)
  6 gnoll zombies (Ossuary)
  A goblin skeleton (Ossuary)
  4 goblin zombies (Ossuary)
  7 hobgoblin skeletons (Ossuary)
  2 hobgoblin zombies (Ossuary)
  15 kobolds
  5 kobold skeletons (Ossuary)
  5 kobold zombies (Ossuary)
  An orc skeleton (Ossuary)
  4 orc zombies (Ossuary)
  25 rats
  6 rat skeletons (Ossuary)
  4 rat zombies (Ossuary)
373 creatures vanquished.

Vanquished Creatures (collateral kills)
  3 boulder beetles (D:10)
  An orc knight (D:10)
  An ugly thing (D:10)
  A manticore (D:10)
  A yaktaur (D:10)
  2 kobold brigands (D:11)
9 creatures vanquished.

Grand Total: 382 creatures vanquished

Notes
Turn   | Place    | Note
-------+----------+-------------------------------------------
     0 | D:1      | jejorda2 the Draconian Berserker began the quest for the
                  | Orb.
     0 | D:1      | Reached XP level 1. HP: 19/19 MP: 1/1
    72 | D:1      | Reached skill level 1 in Shapeshifting
    72 | D:1      | Reached XP level 2. HP: 12/26 MP: 2/2
   411 | D:1      | Found Tarihiha's Antique Armour Boutique.
   415 | D:1      | Reached ** piety under Trog
   554 | D:2      | Found a faded altar of an unknown god.
   604 | D:2      | Reached XP level 3. HP: 26/33 MP: 3/3
   746 | D:2      | Reached skill level 2 in Shapeshifting
   969 | D:2      | Reached XP level 4. HP: 25/40 MP: 4/4
  1181 | D:2      | Reached *** piety under Trog
  1747 | D:1      | Bought a pair of embroidered gloves for 165 gold pieces
  2748 | D:4      | Reached skill level 3 in Shapeshifting
  2748 | D:4      | Reached XP level 5. HP: 40/46 MP: 5/5
  3056 | D:4      | Found Iniurph's Weapon Boutique.
  3063 | D:4      | Bought 2 datura-tipped darts for 19 gold pieces
  3527 | D:5      | Entered Level 5 of the Dungeon
  3610 | D:5      | Found a sand-covered staircase.
  3630 | Ossuary  | Entered an ossuary
  3705 | Ossuary  | Reached **** piety under Trog
  3987 | Ossuary  | Reached XP level 6. HP: 44/53 MP: 6/6
  4106 | Ossuary  | Noticed Menkaure
  4116 | Ossuary  | Killed Menkaure
  4117 | Ossuary  | Reached skill level 4 in Shapeshifting
  4204 | D:5      | Reached skill level 5 in Fighting
  4371 | D:5      | Found an ornate altar of the Wu Jian Council.
  4372 | D:5      | Found a shimmering altar of Xom.
  4417 | D:5      | Your scales start taking on a lurid green colour.
  4417 | D:5      | Reached XP level 7. HP: 61/61 MP: 7/7
  4417 | D:5      | Gained mutation: Your system is resistant to poisons.
                  | (rPois) [Green Draconian growth]
  4617 | D:5      | Found a white marble altar of Elyvilon.
  4650 | D:5      | Noticed a hornet
  4680 | D:5      | Killed a hornet
  4681 | D:5      | Reached skill level 5 in Unarmed Combat
  4681 | D:5      | Reached skill level 5 in Shapeshifting
  5720 | D:6      | Found a stormy altar of Qazlal.
  5720 | D:6      | Noticed Edmund
  5738 | D:6      | Killed Edmund
  5739 | D:6      | Reached XP level 8. HP: 70/70 MP: 8/8
  5752 | D:5      | Reached skill level 6 in Shapeshifting
  6279 | D:6      | Reached skill level 7 in Shapeshifting
  6282 | D:6      | Found a glowing golden altar of the Shining One.
  6366 | D:6      | Reached ***** piety under Trog
  6731 | D:6      | Found a runed translucent door.
  6732 | D:6      | Noticed Crazy Yiuf
  6742 | D:6      | Killed Crazy Yiuf
  7043 | D:7      | Noticed Jeremiah
  7051 | D:7      | Killed Jeremiah
  7052 | D:7      | Reached skill level 8 in Shapeshifting
  7052 | D:7      | Reached XP level 9. HP: 75/75 MP: 9/9
  7222 | D:7      | Noticed Maggie
  7236 | D:7      | Killed Maggie
  7237 | D:7      | Reached skill level 9 in Shapeshifting
  7252 | D:7      | Found Tiysmuen's Distillery.
  7260 | D:7      | Bought a potion of haste for 130 gold pieces
  7260 | D:7      | Bought a potion of curing for 39 gold pieces
  7309 | D:7      | Found a staircase to the Ecumenical Temple.
  7323 | D:7      | Noticed Pikel
  7335 | D:7      | Killed Pikel
  7435 | D:7      | Reached skill level 10 in Shapeshifting
  7862 | D:8      | Noticed a troll
  7875 | D:8      | Killed a troll
  7876 | D:8      | Reached XP level 10. HP: 78/83 MP: 10/10
  8046 | D:8      | Found a hazy altar of Hepliaklqana.
  8166 | D:8      | Found a runed translucent door.
  8166 | D:8      | Noticed ggggg's ghost (novice TrSh)
  8411 | D:9      | Noticed Joseph
  8421 | D:8      | Killed Joseph
  8422 | D:8      | Reached skill level 11 in Shapeshifting
  8592 | D:9      | Found a broken altar of Ashenzari.
  8742 | D:9      | Reached skill level 1 in Evocations
  9218 | D:9      | Found a shimmering blue altar of Sif Muna.
  9577 | D:10     | Entered Level 10 of the Dungeon
  9655 | D:10     | Reached skill level 12 in Shapeshifting
  9679 | D:10     | Reached XP level 11. HP: 89/89 MP: 11/11
  9821 | D:10     | Found a staircase to the Orcish Mines.
  9860 | D:10     | Identified the +5 dire flail of Midnight {flame, *Noise
                  | ^Fragile rN+++ Will+} (Trog gifted it to you on level 10 of
                  | the Dungeon)
  9860 | D:10     | Received a gift from Trog
 10257 | D:10     | Noticed a two-headed ogre
 10267 | D:10     | Killed a two-headed ogre
 10425 | D:10     | Reached skill level 5 in Dodging
 10807 | D:10     | Found a runed translucent gate.
 10807 | D:10     | Found a runed translucent gate.
 10807 | D:10     | Found a runed translucent gate.
 10808 | D:10     | Noticed Sobieck's ghost (journeyman DECj)
 10839 | D:10     | You fall into a shaft and drop 1 floor!
 10851 | D:11     | Noticed a two-headed ogre
 10863 | D:11     | Killed a two-headed ogre
 11077 | D:10     | Reached skill level 5 in Evocations
 11077 | D:10     | Reached skill level 13 in Shapeshifting
 11168 | D:10     | Noticed a boulder beetle
 11168 | D:10     | Noticed a boulder beetle
 11171 | D:10     | Noticed a purple ugly thing
 11171 | D:10     | Noticed a boulder beetle
 11171 | D:10     | Noticed an orc knight
 11172 | D:10     | Noticed a tengu warrior
 11176 | D:10     | Killed a boulder beetle
 11178 | D:10     | Killed an orc knight
 11182 | D:10     | Killed a tengu warrior
 11184 | D:10     | Killed a boulder beetle
 11185 | D:10     | Killed a purple ugly thing
 11188 | D:10     | Killed a boulder beetle
 11189 | D:10     | Reached XP level 12. HP: 96/96 MP: 12/12
 11431 | D:11     | Reached skill level 14 in Shapeshifting
 11493 | D:11     | Found a staircase to the Lair.
 12595 | Lair:1   | Entered Level 1 of the Lair of Beasts
 12646 | Lair:1   | Found a frozen archway.
 12739 | IceCv    | Entered an ice cave
 12791 | IceCv    | Engulfed by an ice statue's freezing vapour

Illustrated notes

Levels and vault maps discovered:
D:1:      mrwooster_arrival_statue_2, layout_basic, serial_shops, shop,
          hangedman_decor_slide_cut, minmay_tree_intersection
D:2:      layout_basic, nicolae_ecumenical_oubliette, minmay_rat_hole
D:3:      layout_basic, serial_aquarium, aquarium_bridge_island_small
          [aquarium_subvault_small_water, aquarium_subvault_balcony,
          aquarium_subvault_balcony, aquarium_subvault_bridge,
          aquarium_subvault_balcony], aquarium_window_fake,
          aquarium_window_fake, aquarium_view_2d, hangedman_feature_mirror,
          lightli_corner_chamber
D:4:      layout_loops_corners, serial_shops, shop
D:5:      layout_cave_pods, nicolae_elyvilon_peaceful_grove,
          mainiacjoe_overflow_divided_tiny, enter_ossuary_1, dk_rats_in_the_wall
D:6:      layout_loops_corners, nicolae_qazlal_beasts_of_the_sky,
          tso_oasis_becter, chequers_mini_garden, uniq_crazy_yiuf_cottage,
          uniq_edmund
D:7:      layout_loops_ring, minmay_temple_entry_mist, serial_shops,
          nicolae_shop_pleasant_corner_grove, st_stairs_14, uniq_maggie,
          uniq_pikel, uniq_jeremiah
D:8:      layout_cave_pools, mainiacjoe_overflow_catwalk, gammafunk_ghost_grave
D:9:      layout_layer_cave, lemuel_blue_sif_altar,
          mainiacjoe_overflow_tiny_flanked, hangedman_decor_points, uniq_joseph
D:10:     minmay_the_grid_triangle_9x9_rhombus_thin
          [minmay_the_grid_triangle_9x9_warning,
          minmay_the_grid_triangle_9x9_prize_insulated,
          minmay_the_grid_triangle_9x9_stretched_checkered,
          minmay_the_grid_triangle_9x9_sprig], layout_basic,
          kennysheep_orc_monster_closet_entryway, gammafunk_ghost_spectres,
          kennysheep_generic_room_13
D:11:     layout_roguey [special_room_kobold], hellmonk_lair_entry_icy,
          kennysheep_cluttered_room
Lair:1:   layout_loops_ring, portal_ice_cave_entry_imps,
          minmay_shattered_shrine, lemuel_fruit_tree, serial_bayou_shore_b
IceCv:    ice_cave_caverns_03

Skill      XL: |  1  2  3  4  5  6  7  8  9 10 11 12 |
---------------+-------------------------------------+-----
Shapeshifting  | 1 2 3 4 5 8 10 12 13 14 | 14.6
Fighting       | 4 5 6 7 |  7.4
Unarmed Combat | 4 5 7 8 9 |  9.0
Dodging        | 4 6 |  6.0
Evocations     | 3 6 |  6.0

Action                     |  1- 3 |  4- 6 |  7- 9 | 10-12 || total
---------------------------+-------+-------+-------+-------++-------
  Melee: Unarmed           |   136 |   296 |   217 |   443 ||  1092
         Tailslap          |    14 |    46 |    32 |    71 ||   163
         Punch             |     1 |    13 |    10 |    30 ||    54
         Maw               |       |       |    22 |   162 ||   184
  Throw: Boomerang         |       |     4 |       |     8 ||    12
         Dart              |       |       |       |     4 ||     4
         Javelin           |       |       |       |     1 ||     1
 Invoke: Berserk           |       |     2 |     3 |     5 ||    10
         Trog's Hand       |       |       |     1 |     2 ||     3
         Brothers in Arms  |       |       |       |     2 ||     2
Ability: Breathe Noxious F |       |       |    12 |    14 ||    26
  Evoke: Wand              |       |       |       |     8 ||     8
         Lightning rod     |       |       |       |     3 ||     3
    Use: Scroll            |       |     1 |    19 |     8 ||    28
         Potion            |       |       |       |     1 ||     1
   Stab: Sleeping          |       |     3 |     2 |     1 ||     6
         Distracted        |       |     1 |       |       ||     1
         Confused          |       |       |     9 |     7 ||    16
 Armour: Skin              |    70 |   109 |   120 |   264 ||   563
  Dodge: Dodged            |    89 |   128 |    87 |   228 ||   532
  Block: Other             |       |       |    16 |    84 ||   100
         Reflection        |       |       |       |     3 ||     3
   Form: Maw               |       |       |     1 |       ||     1
